 Dungeon Crawl Stone Soup version 0.19.0-9-gfd783f2 (webtiles) character file.

48 Peloso the Skirmisher (level 3, 0/33 HPs)
             Began as a Ghoul Fighter on Nov 8, 2016.
             Slain by Crazy Yiuf
             ... wielding a +4 quarterstaff of chaos
              (2 damage)
             ... on level 2 of the Dungeon.
             The game lasted 00:03:11 (1549 turns).

Peloso the Skirmisher (Ghoul Fighter)               Turns: 1549, Time: 00:03:11

Health: 0/33       AC: 10    Str: 24    XL:     3   Next: 72%
Magic:  2/2        EV:  7    Int:  3    God:
Gold:   121        SH: 11    Dex:  9    Spells: 0 memorised, 2 levels left

rFire  . . .     SeeInvis .     a - +0 long sword
rCold  + . .     Gourm    .     b - +0 scale mail
rNeg   + + +     Faith    .     c - +0 shield
rPois  ∞         Spirit   .     (no helmet)
rElec  .         Reflect  +     p - +0 cloak
rCorr  .         Harm     .     k - +0 pair of gloves
MR     .....                    o - +0 pair of boots
Stlth  ..........               h - +2 amulet of reflection
                                (no ring)
                                (no ring)

@: mighty, very slightly contaminated, rotting, hasted and slowed
A: rotting body, claws 1, carnivore 3, cold resistance 1, negative energy
resistance 3, slow regeneration 1, torment resistance, unbreathing
a: no special abilities


You were on level 2 of the Dungeon.
You were not hungry.

You visited 1 branch of the dungeon, and saw 2 of its levels.

You collected 121 gold pieces.

Inventory:

Hand Weapons
 a - a +0 long sword (weapon)
 m - a cursed -1 whip
Armour
 b - a +0 scale mail (worn)
 c - a +0 shield (worn)
 k - a +0 pair of gloves (worn)
 o - a +0 pair of boots (worn)
 p - a +0 cloak (worn)
Jewellery
 h - a +2 amulet of reflection (around neck)
Scrolls
 e - a scroll of fear {unknown}
 g - 3 scrolls of amnesia {unknown}
 i - 2 scrolls of magic mapping {unknown}
 l - a scroll of immolation {unknown}
 t - a scroll of identify {unknown}
Potions
 r - a potion of curing {unknown}
 s - a potion of agility {unknown}
 u - a potion of resistance {unknown}
Comestibles
 f - 2 meat rations
 j - a beef jerky
 n - a royal jelly


   Skills:
 + Level 3.7 Fighting
 + Level 2.5 Long Blades
 + Level 3.1 Armour
 + Level 3.0 Shields


You had 2 spell levels left.
You didn't know any spells.

Dungeon Overview and Level Annotations

Branches:
Dungeon (2/15)

Altars:

Annotations:
D:2 Crazy Yiuf


Innate Abilities, Weirdness & Mutations

Your body is rotting away.
You thrive on raw meat.
You are immune to poison.
You have sharp fingernails.
You are carnivorous and can eat meat at any time.
Your flesh is cold resistant. (rC+)
You are immune to negative energy. (rN+++)
You regenerate slowly when monsters are visible.
You are immune to unholy pain and torment.
You can survive without breathing.


Message History

There is an open door here.
You hit Crazy Yiuf but do no damage.
Crazy Yiuf hits you with a quarterstaff of chaos!
You suddenly lose the ability to move!
Crazy Yiuf hits you with a quarterstaff of chaos.
Crazy Yiuf hits you with a quarterstaff of chaos!
You feel yourself speed up.
You are very lightly contaminated with residual magic.
Crazy Yiuf hits you with a quarterstaff of chaos!
* * * LOW HITPOINT WARNING * * *
Crazy Yiuf hits you but does no damage. x2
You can move again.
Okay, then.
You feel very mighty all of a sudden.
Crazy Yiuf screams, "Aardvark!"
Crazy Yiuf hits you but does no damage.
You feel yourself slow down.
You hit Crazy Yiuf.
Crazy Yiuf is moderately wounded.
Crazy Yiuf hits you with a quarterstaff of chaos.
You die...

##### #..)#
#)..# #.g)#
### #@# #.#
♣♣.♣ #.#
#########
♣.♣♣ #..
........#
♣♣.♣ #.#
........#
♣.♣♣
...####.#
........#
♣♣.♣♣
.........
........####
♣)P.♣♣
##.####.#
...........#
♣P.P.♣
........#
...........#
#....#
.........


You could see Crazy Yiuf.

Vanquished Creatures
  An adder (D:2)
  An ooze (D:1)
  A worm (D:2)
  A dart slug (D:2)
  A leopard gecko (D:2)
  A bat (D:2)
  A giant cockroach (D:1)
  5 goblins
  3 hobgoblins
  4 jackals (D:2)
  3 kobolds (D:2)
  A quokka (D:2)
  A ball python (D:2)
  2 rats
26 creatures vanquished.

Notes
Turn   | Place    | Note
-------+----------+-------------------------------------------
     0 | D:1      | Peloso the Ghoul Fighter began the quest for the Orb.
     0 | D:1      | Reached XP level 1. HP: 19/19 MP: 0/0
   457 | D:1      | Reached XP level 2. HP: 24/24 MP: 1/1
  1206 | D:2      | Reached XP level 3. HP: 25/27 MP: 2/2
  1526 | D:2      | Found a runed door.
  1540 | D:2      | Noticed Crazy Yiuf
  1542 | D:2      | Paralysed by Crazy Yiuf for 6 turns
  1549 | D:2      | Slain by Crazy Yiuf

Skill      XL: |  1  2  3 |
---------------+----------+-----
Armour         | 3 |  3.1
Long Blades    | 2 |  2.5
Shields        | 3 |  3.0
Fighting       | |  3.7

Action                   || total
-------------------------++-------
Melee: Long sword        ||   104
  Use: Potion            ||     2
  Eat: Chunk             ||     6
Armor: Scale mail        ||    54
Dodge: Dodged            ||    27
Block: Shield            ||    66
       Rpst.: Long sword ||    10
